 Dungeon Crawl Stone Soup version 0.22-a0-93-g6b88ebb (webtiles) character file.

80 wazuzu the Cudgeler (level 4, 27/35 HPs)
             Began as a Demonspawn Chaos Knight on Jan 24, 2018.
             Quit the game on level 2 of the Dungeon.
             The game lasted 00:03:20 (1322 turns).

wazuzu the Cudgeler (Demonspawn Chaos Knight)       Turns: 1322, Time: 00:03:21

Health: 27/35      AC:  7    Str: 13    XL:     4   Next: 18%
Magic:  4/4        EV: 11    Int: 13    God:    Xom [.*....]
Gold:   68         SH:  0    Dex: 13    Spells: 3/3 levels left

rFire    . . .     SeeInvis .   a - +0 mace (chaos)
rCold    . . .     Gourm    .   (no shield)
rNeg     . . .     Faith    .   b - +2 leather armour
rPois    .         Spirit   .   j - +2 hat
rElec    .         Reflect  .   (no cloak)
rCorr    .         Harm     .   (no gloves)
MR       .....                  (no boots)
Stlth    +.........             (no amulet)
HPRegen  0.11/turn              (no ring)
MPRegen  0.09/turn              (no ring)

@: no status effects
A: horns 1, powered by pain 1, sturdy frame 1
a: Renounce Religion


You were on level 2 of the Dungeon.
You worshipped Xom.
You were a plaything of Xom.
You were not hungry.

You visited 1 branch of the dungeon, and saw 2 of its levels.

You collected 68 gold pieces.

Inventory:

Hand Weapons
 a - a +0 mace of chaos (weapon)
Armour
 b - a +2 leather armour (worn)
 j - a +2 hat (worn)
Scrolls
 d - 3 scrolls of identify {unknown}
 i - a scroll of fog {unknown}
 l - 2 scrolls of enchant weapon {unknown}
 m - a scroll of magic mapping {unknown}
 n - a scroll of remove curse {unknown}
Potions
 e - a potion of haste {unknown}
 g - 2 potions of brilliance {unknown}
 h - a potion of mutation {unknown}
 k - a potion of heal wounds {unknown}
Comestibles
 c - 9 rations
 f - 4 chunks of flesh


   Skills:
 - Level 3.0 Fighting
 + Level 4.6 Maces & Flails
 - Level 1.7 Armour
 - Level 0.8 Dodging


You had 3 spell levels left.
You didn't know any spells.

Dungeon Overview and Level Annotations

Branches:
Dungeon (2/15)

Altars:
Dithmenos
The Shining One


Innate Abilities, Weirdness & Mutations

You have a pair of small horns on your head.
You sometimes gain a little power by taking damage.
Your movements are slightly less encumbered by armour. (ER -2)


Message History

You hit the crimson imp.
The crimson imp convulses.
The crimson imp is severely wounded.
The crimson imp hits you.
You hit the crimson imp.
The crimson imp is almost dead.
The crimson imp falters for a moment.
The crimson imp barely misses you.
You hit the crimson imp but do no damage.
The crimson imp flickers and vanishes!
Deactivating autopickup; reactivate with Ctrl-A.
Something hits you.
No target in view!
No target in view!
You hit something.
Reactivating autopickup.
You have reached level 4!
You feel agile.
Your demonic ancestry asserts itself...
A pair of horns grows on your head!
Xom is highly amused!
You feel a bit more experienced.
Are you sure you want to abandon this character and quit the game? (Confirm with "yes".)

##.# #...#..#. ...
#...##.#. #
#.########...##.##
#.#.##............##
#.#................. #
#.††................
.#.##.#.##.#####...####.
......†.##.# #...# ##
#####.#@##.# #...# #
#.....##.# #...# #
#.#......## #...# ##
#.#.......# #)..# #. #
#.#####.# ###.### #. #.
####.###.....###. #.
#.............).. #.
#.#........#.###.
#.##.#..###.###.# #.


There were no monsters in sight!

Vanquished Creatures
  A crimson imp (D:2)
  An adder (D:2)
  A leopard gecko (D:1)
  6 goblins
  5 hobgoblins
  3 jackals (D:2)
  4 bats
  3 frilled lizards
  4 kobolds
  6 rats
34 creatures vanquished.

Notes
Turn   | Place    | Note
-------+----------+-------------------------------------------
     0 | D:1      | wazuzu the Demonspawn Chaos Knight began the quest for the Orb.
     0 | D:1      | Reached XP level 1. HP: 18/18 MP: 1/1
    48 | D:1      | XOM: divination: magic mapping
    97 | D:1      | XOM: divination: magic mapping
   225 | D:1      | Reached skill level 3 in Maces & Flails
   332 | D:1      | Gained mutation: You sometimes gain a little power by taking damage. [demonic ancestry]
   332 | D:1      | Reached XP level 2. HP: 24/24 MP: 2/2
   381 | D:1      | XOM: god gift: 5 rations
   451 | D:1      | Found a glowing golden altar of the Shining One.
   584 | D:1      | XOM: 5-stop teleportation journey
   920 | D:1      | XOM: divination: magic mapping
  1059 | D:2      | Gained mutation: Your movements are slightly less encumbered by armour. (ER -2) [demonic ancestry]
  1059 | D:2      | Reached XP level 3. HP: 28/29 MP: 3/3
  1208 | D:2      | Reached skill level 4 in Maces & Flails
  1247 | D:2      | Found a shadowy altar of Dithmenos.
  1321 | D:2      | Gained mutation: You have a pair of small horns on your head. [demonic ancestry]
  1321 | D:2      | Reached XP level 4. HP: 26/35 MP: 4/4
  1322 | D:2      | Quit the game

Vault maps used:
D:1:      giann_horns, tso_metal_star
D:2:      gammafunk_temple_overflow_elements, old_standard_altar, first_ration,
          minivault_4

Skill      XL: |  1  2  3 |
---------------+----------+-----
Maces & Flails | 3 4 |  4.6
Fighting       | |  3.0
Armour         | |  1.7
Dodging        | |  0.8

Action                   |  1- 3 |  4- 6 || total
-------------------------+-------+-------++-------
Melee: Mace              |    97 |       ||    97
 Stab: Sleeping          |     2 |       ||     2
  Eat: Chunk             |     1 |       ||     1
Armor: Leather armour    |    40 |       ||    40
Dodge: Dodged            |    61 |       ||    61

Table legend:
 A = Spawn XP
 B = Non-spawn XP
 C = Spawn XP percentage of total XP
 D = Spawn monster count
 E = Non-spawn monster count
 F = Spawn count percentage of total count
 G = Total turns spent on level
                    A         B        C        D         E        F      G
               +---------+---------+-------+---------+---------+-------+---------
         Total |       0 |     115 |   0.0 |       0 |      34 |   0.0 |  1322
               +---------+---------+-------+---------+---------+-------+---------
           D:1 |       0 |      24 |   0.0 |       0 |      15 |   0.0 |  1004
           D:2 |       0 |      91 |   0.0 |       0 |      19 |   0.0 |   318
               +---------+---------+-------+---------+---------+-------+---------
